Map: Flooded City

Players

Michael

  • Race: Zerg Zerg
  • League: Platinum
  • Spawn Location: 12:00

MonstroTown

  • Race: Terran Terran
  • Spawn Location: 12:00

A.I. 2 (Elite)

  • Race: Zerg Zerg
  • Spawn Location: 6:00

A.I. 3 (Elite)

  • Race: Protoss Protoss
  • Spawn Location: 6:00

VOD

Have the link to the VOD?

Description

Time

  • Played on: Oct. 12, 2018, 9:13 p.m.
  • Length: 12:22
Show
View Real Time Build Order
Export as new Build Order

Michael Zerg 

Build Orders: Hatch First 

Get SALT Encoding   

  12  0:01  Drone  
  13  0:12  Overlord  
  13  0:18  Drone  
  14  0:31  Drone x2  
  14  0:34  Drone  
  17  0:45  Drone  
  18  0:59  Hatchery  
  18  1:02  Drone  
  18  1:06  Extractor  
  18  1:07  Drone  
  18  1:21  Spawning Pool  
  18  1:25  Drone  
  18  1:30  Drone  
  19  1:39  Overlord  
  19  1:50  Drone  
  20  2:08  Queen  
  20  2:10  Metabolic Boost  
  20  2:11  Queen  
  20  2:12  Zergling x2  
  20  2:15  Zergling x2  
  26  2:19  Zergling x2  
  27  2:23  Drone  
  27  2:26  Drone  
  29  2:32  Drone  
  29  2:34  Drone  
  31  2:43  Drone  
  31  2:47  Drone  
  32  2:57  Extractor  
  29  3:05  Drone x4  
  33  3:09  Queen  
  34  3:14  Lair  
  34  3:22  Drone  
  34  3:23  Overlord  
  34  3:24  Overlord  
  35  3:28  Overlord  
  35  3:45  Queen  
  35  3:46  Drone x4  
  42  3:48  Drone  
  42  3:50  Drone  
  43  4:04  Roach Warren  
  43  4:06  Zergling x6  
  43  4:07  Zergling x2  
  43  4:08  Zergling x2  
  47  4:11  Zergling x2  
  47  4:13  Zergling x2  
  47  4:15  Zergling x2  
  50  4:17  Zergling x2  
  50  4:19  Zergling x2  
  52  4:31  Zergling x6  
  54  4:39  Zergling x12  
  54  4:43  Overlord  
  38  5:20  Queen  
  38  5:21  Spine Crawler x2  
  39  5:22  Spine Crawler  
  39  5:28  Spine Crawler  
  34  5:30  Glial Reconstitution  
  34  5:32  Roach x5  
  42  5:37  Hydralisk Den  
  40  5:54  Roach x2  
  40  5:56  Queen  
  46  5:57  Roach  
  46  6:00  Roach  
  50  6:06  Roach  
  50  6:09  Roach  
  54  6:14  Muscular Augments  
  54  6:23  Overlord  
  54  6:29  Hydralisk  
  54  6:30  Hydralisk  
  58  6:42  Hydralisk  
  60  7:14  Hatchery  
  59  7:18  Spore Crawler  
  59  7:19  Evolution Chamber  
  57  7:23  Spire  
  57  7:26  Grooved Spines  
  56  7:33  Evolution Chamber  
  55  7:51  Hydralisk x3  
  55  7:58  Overlord  
  61  8:03  Overlord  
  61  8:15  Zerg Ground Armor Level 1  
  61  8:22  Zerg Missile Weapons Level 1  
  61  8:40  Hydralisk x2  
  61  8:53  Drone  
  61  8:54  Drone x6  
  68  8:57  Drone x3  
  71  9:26  Drone  
  71  9:27  Drone x7  
  79  9:40  Hatchery  
  78  9:49  Hydralisk x2  
  82  9:53  Roach  
  84  10:18  Hydralisk x2  
  84  10:19  Hydralisk  
  84  10:20  Hydralisk  
  84  10:21  Hydralisk  
  84  10:23  Overlord x2  
  70  10:31  Extractor  
  70  10:33  Extractor  
  70  10:34  Spore Crawler  
  51  10:37  Roach  
  51  10:38  Roach x3  
  51  10:41  Hydralisk  
  61  10:47  Hydralisk  
  63  10:51  Hydralisk  
  63  10:54  Roach  
  69  10:57  Roach  
  69  11:00  Roach  
  54  11:26  Hydralisk x6  
  54  11:41  Hydralisk  
  54  11:42  Hydralisk x3  
  59  11:47  Hydralisk  
  57  11:57  Hydralisk x2  
Show
View Real Time Build Order
Export as new Build Order

MonstroTown Terran 

Build Orders:  

Get SALT Encoding   

  12  0:01  SCV  
  13  0:13  SCV  
  14  0:19  Supply Depot  
  14  0:26  SCV  
  15  0:41  SCV  
  16  0:42  Barracks  
  16  0:53  SCV  
  17  1:04  Refinery  
  17  1:05  SCV  
  17  1:06  Refinery  
  18  1:17  SCV  
  19  1:31  Barracks  
  19  1:32  Barracks  
  19  1:34  Marine  
  20  1:45  Orbital Command  
  20  1:52  Marine  
  21  1:59  Supply Depot  
  21  2:09  Marine  
  21  2:11  SCV  
  23  2:20  Marine  
  23  2:21  Supply Depot  
  24  2:23  Marine  
  25  2:33  Marine  
  26  2:38  Marine  
  26  2:39  Bunker  
  26  2:42  Bunker  
  27  2:46  Marine  
  27  2:55  Marine  
  27  3:05  Marine  
  27  3:06  Marine  
  27  3:11  Factory  
  29  3:28  Marine x3  
  32  3:45  Marine  
  32  3:46  Marine x2  
  23  4:03  Marine  
  23  4:04  Marine x2  
  23  4:07  Command Center  
  16  4:21  Marine x2  
  15  4:36  Marine  
  11  4:39  Marine x2  
  11  4:41  Orbital Command  
  7  5:12  Marine  
  8  5:22  SCV  
  9  5:30  SCV  
  7  5:38  Marine  
  7  5:42  SCV  
  9  5:46  Orbital Command  
  9  5:48  SCV  
  10  5:54  Widow Mine  
  12  6:18  SCV  
  12  6:19  SCV  
  12  6:23  Widow Mine  
  12  6:25  Marine  
  17  6:37  Barracks Tech Lab, Marine  
  18  6:44  Marine  
  19  6:48  SCV  
  19  6:51  SCV  
  21  7:02  Widow Mine  
  21  7:05  Marine  
  24  7:16  Marauder, Marine  
  24  7:19  SCV  
  24  7:20  SCV  
  29  7:31  SCV  
  29  7:34  Marine  
  31  7:37  Marine  
  31  7:39  Marauder  
  31  7:44  Orbital Command  
  34  7:50  SCV  
  35  7:54  Marine  
  36  8:06  Marine  
  36  8:07  Marauder  
  36  8:08  Factory Tech Lab  
  36  8:10  SCV  
  36  8:11  SCV  
  41  8:16  Marine  
  42  8:23  SCV  
  43  8:27  Refinery  
  37  8:49  Siege Tank  
  40  8:55  Engineering Bay  
  40  9:01  SCV x2  
  42  9:05  Marine  
  42  9:06  Marauder  
  45  9:11  Marine  
  45  9:13  SCV  
  45  9:14  SCV  
  48  9:23  Marine  
  49  9:25  SCV  
  49  9:26  SCV  
  49  9:27  Marauder  
  53  9:31  Marine  
  54  9:43  Supply Depot  
  54  9:45  Terran Infantry Weapons Level 1  
  54  10:02  SCV  
  54  10:03  SCV  
  49  10:14  SCV  
  47  10:26  Widow Mine  
  30  10:49  Widow Mine  
  25  10:54  Barracks  
  25  10:55  Barracks x2  
  24  10:57  Barracks  
  24  11:01  Starport  
  22  11:18  Hellion  
  20  11:45  Marine  
  20  11:46  Marine x2  
  22  12:03  Marine x2  
  22  12:04  Marine  
Show
View Real Time Build Order
Export as new Build Order

A.I. 2 (Elite) Zerg 

Build Orders: Pool First 

Get SALT Encoding   

  12  0:01  Drone  
  13  0:12  Overlord  
  13  0:17  Drone  
  14  0:30  Drone  
  15  0:40  Spawning Pool  
  15  0:42  Drone  
  15  0:46  Drone  
  16  0:50  Drone  
  16  0:53  Extractor  
  16  0:56  Drone  
  17  1:06  Drone  
  18  1:17  Drone  
  19  1:30  Roach Warren, Queen  
  19  1:32  Drone  
  21  1:38  Zergling x2  
  22  1:50  Overlord  
  22  2:00  Overlord  
  22  2:11  Roach  
  24  2:21  Roach  
  26  2:32  Roach  
  26  2:36  Roach x3  
  36  2:44  Roach  
  36  2:55  Roach  
  38  3:06  Overlord  
  38  3:16  Overlord  
  38  3:20  Roach  
  38  3:24  Roach  
  38  3:25  Roach  
  40  3:36  Roach  
  40  3:40  Roach x3  
  48  3:48  Roach  
  50  3:58  Zergling x2  
  46  4:09  Zergling x2  
  47  4:12  Zergling x6  
  47  4:14  Baneling Nest  
  49  4:20  Zergling x2  
  50  4:31  Zergling x2  
  51  4:42  Extractor, Overlord  
  51  4:43  Drone  
  51  4:44  Drone  
  52  4:50  Lair  
  52  4:57  Baneling  
  52  4:59  Baneling  
  49  5:05  Drone  
  44  5:08  Drone  
  44  5:09  Baneling  
  44  5:12  Drone  
  44  5:17  Drone  
  45  5:21  Drone  
  45  5:25  Drone  
  47  5:29  Drone  
  46  5:49  Hydralisk Den  
  46  5:50  Drone  
  44  6:04  Hatchery  
  44  6:07  Infestation Pit  
  44  6:10  Drone  
  43  6:13  Drone  
  44  6:23  Hydralisk  
  46  6:32  Hydralisk  
  48  6:37  Roach  
  50  6:43  Infestor, Roach  
  53  6:56  Roach  
  53  7:00  Overlord, Roach  
  57  7:03  Overseer  
  56  7:17  Drone x4  
  56  7:22  Drone x3  
  63  7:26  Drone  
  63  7:28  Drone  
  65  7:32  Extractor  
  64  7:37  Drone  
  64  7:39  Drone  
  66  7:48  Drone  
  66  7:50  Drone  
  68  7:54  Overlord, Drone x2  
  70  7:59  Drone  
  70  8:02  Drone  
  72  8:09  Drone  
  72  8:12  Overlord  
  73  8:15  Hatchery  
  72  8:20  Drone  
  72  8:23  Drone  
  72  8:25  Infestor, Drone, Roach  
  79  8:31  Drone  
  80  8:34  Overlord  
  80  8:38  Baneling  
  78  8:42  Zergling x2  
  78  8:44  Baneling  
  78  8:46  Zergling x2  
  80  8:52  Zergling x2  
  81  8:56  Roach  
  81  8:57  Hydralisk, Roach  
  81  8:58  Roach  
  89  9:03  Roach  
  89  9:07  Hydralisk  
  93  9:10  Baneling x2  
  93  9:14  Zergling x2  
  94  9:18  Hydralisk  
  94  9:22  Evolution Chamber  
  95  9:24  Drone  
  95  9:26  Hydralisk  
  95  9:29  Overlord, Drone, Roach  
  95  9:30  Evolution Chamber  
  100  9:31  Drone  
  100  9:32  Baneling x2  
  100  9:35  Drone  
  100  9:38  Drone  
  103  9:41  Drone  
  104  9:46  Drone  
  104  9:48  Overlord  
  104  9:49  Zerg Missile Weapons Level 1  
  104  9:52  Drone  
  105  9:56  Zergling x2  
  105  9:57  Zerg Ground Armor Level 1  
  105  9:59  Drone  
  107  10:01  Drone, Ravager, Zergling x4  
  107  10:03  Drone  
  109  10:07  Overlord  
  109  10:10  Drone  
  102  10:14  Drone  
  102  10:15  Extractor  
  102  10:18  Drone  
  102  10:21  Roach  
  87  10:23  Extractor, Baneling  
  87  10:25  Roach  
  84  10:29  Roach  
  84  10:30  Extractor  
  84  10:31  Roach  
  84  10:32  Infestor  
  84  10:33  Drone, Roach  
  88  10:35  Hatchery  
  88  10:37  Zergling x2  
  88  10:39  Zergling x2  
  88  10:42  Roach  
  87  10:47  Drone  
  87  10:48  Ravager  
  89  10:50  Roach  
  89  10:53  Drone  
  92  10:58  Drone  
  92  11:01  Drone  
  92  11:02  Baneling  
  92  11:03  Drone  
  95  11:04  Infestor  
  95  11:05  Roach x2  
  95  11:10  Roach  
  103  11:12  Roach  
  103  11:13  Hydralisk  
  102  11:20  Zergling x2  
  102  11:22  Hydralisk  
  102  11:24  Hydralisk  
  106  11:27  Pneumatized Carapace  
  106  11:30  Spine Crawler  
  106  11:31  Queen, Hydralisk  
  106  11:32  Infestor, Spine Crawler  
  102  11:36  Drone x3, Roach  
  109  11:43  Drone  
  109  11:44  Drone  
  109  11:46  Infestor  
  113  11:47  Roach  
  113  11:53  Drone  
  116  11:54  Drone  
  116  11:57  Drone  
  116  11:58  Drone  
  116  11:59  Extractor  
  114  12:04  Zergling x2  
  114  12:05  Drone  
  114  12:06  Spire  
  114  12:08  Drone x3  
  116  12:09  Drone  
Show
View Real Time Build Order
Export as new Build Order

A.I. 3 (Elite) Protoss 

Build Orders: 1 Gate Expand, Zealot Archon 

Get SALT Encoding   

  12  0:01  Probe  
  13  0:13  Probe  
  14  0:21  Pylon  
  14  0:25  Probe  
  15  0:35  Probe  
  16  0:43  Probe  
  17  0:51  Gateway  
  17  0:52  Probe  
  18  1:00  Probe  
  19  1:08  Probe  
  19  1:12  Assimilator  
  19  1:15  Pylon  
  20  1:20  Probe  
  21  1:35  Nexus  
  21  1:46  Cybernetics Core  
  21  1:47  Zealot  
  23  2:06  Gateway  
  23  2:07  Probe  
  24  2:17  Pylon  
  24  2:19  Probe  
  24  2:21  Warp Gate  
  25  2:24  Zealot  
  27  2:31  Probe  
  28  2:42  Assimilator  
  28  2:43  Probe x2  
  29  2:50  Adept  
  32  3:03  Adept  
  34  3:12  Zealot  
  32  3:28  Probe  
  32  3:31  Zealot  
  31  3:39  Stalker  
  29  3:48  Probe  
  28  3:56  Probe  
  28  3:58  Zealot  
  28  3:59  Probe  
  30  4:07  Probe  
  30  4:08  Probe  
  32  4:18  Probe  
  32  4:20  Probe  
  34  4:30  Probe  
  35  4:32  Probe  
  35  4:37  Adept  
  36  4:42  Probe  
  36  4:44  Probe  
  32  4:54  Probe  
  32  4:55  Probe  
  30  5:04  Probe  
  30  5:07  Probe  
  31  5:12  Probe  
  32  5:19  Probe  
  32  5:21  Probe  
  35  5:32  Twilight Council  
  35  5:52  Stalker  
  37  5:59  Stalker  
  39  6:08  Sentry  
  39  6:11  Templar Archives  
  41  6:19  Stalker  
  41  6:21  Probe  
  41  6:23  Probe, Pylon  
  45  6:29  Adept  
  47  6:33  Probe  
  47  6:35  Gateway  
  47  6:37  Probe  
  49  6:44  Probe  
  49  6:46  High Templar  
  52  6:47  Robotics Facility  
  52  6:50  High Templar  
  52  6:52  Probe  
  55  6:55  Probe  
  55  7:00  Pylon  
  56  7:03  Probe  
  56  7:04  Probe  
  58  7:14  Probe  
  58  7:16  Archon, Probe  
  58  7:19  Stalker  
  58  7:22  Probe  
  62  7:23  High Templar  
  62  7:25  Pylon  
  62  7:28  Probe  
  66  7:30  High Templar  
  66  7:34  Observer, Probe  
  66  7:35  Assimilator  
  70  7:40  Assimilator  
  70  7:43  Probe, Stalker  
  73  7:46  Probe, Pylon  
  74  7:53  Archon  
  74  7:55  Probe, Stalker  
  77  8:04  Probe  
  78  8:07  Probe, Pylon  
  78  8:10  High Templar  
  81  8:16  Probe  
  81  8:19  Probe  
  83  8:23  High Templar  
  83  8:25  Zealot  
  87  8:28  Probe  
  87  8:31  Probe  
  87  8:32  Pylon  
  87  8:42  Stalker  
  87  8:45  Zealot  
  87  8:47  Archon  
  91  8:50  High Templar  
  91  8:55  Pylon  
  93  8:57  Nexus  
  93  9:05  Zealot, High Templar  
  97  9:15  Zealot, Immortal  
  103  9:20  Pylon  
  103  9:25  Zealot  
  103  9:27  Archon  
  103  9:29  Sentry  
  107  9:38  Zealot  
  109  9:40  Pylon  
  109  9:45  Zealot  
  109  9:46  High Templar  
  113  9:55  Immortal  
  113  9:58  Zealot  
  115  10:05  High Templar  
  115  10:06  Pylon  
  115  10:10  Probe x2  
  115  10:11  Probe  
  116  10:18  Zealot x2  
  116  10:19  Probe  
  116  10:22  Probe  
  116  10:23  Probe  
  116  10:26  Archon  
  116  10:28  Sentry  
  113  10:32  Probe  
  113  10:34  Immortal  
  113  10:35  Probe, Assimilator  
  117  10:36  Probe  
  117  10:37  Assimilator  
  117  10:38  Zealot x2  
  122  10:44  Probe  
  122  10:45  Forge  
  122  10:47  Probe  
  122  10:49  Probe  
  125  10:51  Adept, Pylon  
  125  10:55  Probe  
  128  10:58  Sentry  
  128  10:59  Adept, Probe  
  128  11:01  Probe, Forge  
  128  11:03  Probe  
  134  11:11  Zealot, Probe x2  
  131  11:13  Pylon  
  131  11:16  Probe  
  130  11:19  Adept  
  130  11:20  Probe  
  130  11:21  Stalker  
  119  11:31  High Templar  
  119  11:32  Pylon  
  115  11:35  Nexus  
  115  11:39  Stalker  
  115  11:44  Sentry  
  115  11:48  Pylon  
  115  11:54  Gateway  
  115  11:57  Photon Cannon  
  115  12:01  Pylon  
  115  12:02  Zealot  
  115  12:03  Zealot  
  115  12:07  High Templar  
  121  12:20  Adept  
Tags
 
Add a new tag
Caveats
  • Supply blocks, unpowered buildings, or Contaminate may cause inaccurate times.
  • Supply counts are checked every 10 seconds.